PL
PANAMA CITY PIRANHAS @ WIZARDING EXPRESS
09/20/2026
 
TOP OF THE 1ST
Panama City Piranhas batting - Pitching for Wizarding Express : LHP Javier Roldán
Pitching: LHP Javier Roldán
Batting: RHB Juan Jose Ayala 0-0: Swinging Strike
0-1: Foul Ball, location: 2F
0-2: Ball
1-2: Strikes out looking
Batting: LHB Herman Hayes 0-0: Called Strike
0-1: Ground out 6-3 (Groundball, 6)
Batting: SHB Tsing Guao 0-0: Ball
1-0: Ground out 6-3 (Groundball, 6)
Top of the 1st over - 0 run(s), 0 hit(s), 0 error(s), 0 left on base; Panama City 0 - Wizarding 0
BOTTOM OF THE 1ST
Wizarding Express batting - Pitching for Panama City Piranhas : LHP Kirby Buckner
Pitching: LHP Kirby Buckner
Batting: RHB António Martínez 0-0: Ball
1-0: Ball
2-0: SINGLE (Groundball, 34D)
Batting: RHB Chi-ju Zhang 0-0: Called Strike
0-1: Ball
1-1: Ball
2-1: Grounds into double play, 5-4-3 (Groundball, 56)
Batting: RHB Rafael Arredondo 0-0: Ball
1-0: Ground out 6-3 (Groundball, 6)
Bottom of the 1st over - 0 run(s), 1 hit(s), 0 error(s), 0 left on base; Panama City 0 - Wizarding 0
TOP OF THE 2ND
Panama City Piranhas batting - Pitching for Wizarding Express : LHP Javier Roldán
Batting: SHB Marc Talamante 0-0: Swinging Strike
0-1: Ball
1-1: Foul Ball, location: 2F
1-2: Ball
2-2: Strikes out swinging, 2-3 out at first.
Batting: LHB Robert Adams 0-0: Ball
1-0: Called Strike
1-1: Foul Ball, location: 2F
1-2: Ball
2-2: Ball
3-2: Foul Ball, location: 2F
3-2: Strikes out swinging, 2-3 out at first.
Batting: RHB Baldomero Avino 0-0: Swinging Strike
0-1: Ball
1-1: Ground out 5-3 (Groundball, 56)
Top of the 2nd over - 0 run(s), 0 hit(s), 0 error(s), 0 left on base; Panama City 0 - Wizarding 0
BOTTOM OF THE 2ND
Wizarding Express batting - Pitching for Panama City Piranhas : LHP Kirby Buckner
Batting: LHB Nathan Tanner 0-0: Called Strike
0-1: Foul Ball, location: 2F
0-2: Ball
1-2: Ball
2-2: Foul Ball, location: 2F
2-2: Foul Ball, location: 2F
2-2: Strikes out swinging
Batting: RHB Cole Shaffer 0-0: Ball
1-0: Called Strike
1-1: Ball
2-1: Fly out, F7 (Flyball, 7D)
Batting: LHB Kyung-chor Pang 0-0: Called Strike
0-1: Ball
1-1: Fly out, F8 (Flyball, 8RM)
Bottom of the 2nd over - 0 run(s), 0 hit(s), 0 error(s), 0 left on base; Panama City 0 - Wizarding 0
TOP OF THE 3RD
Panama City Piranhas batting - Pitching for Wizarding Express : LHP Javier Roldán
Batting: LHB Sergio Muńóz 0-0: Swinging Strike
0-1: Hit by Pitch
Batting: RHB Armando Alvarado 0-0: Fly out, F3 (Flyball, 3D)
Batting: RHB Tim Barnes 0-0: Swinging Strike
0-1: Called Strike
0-2: Ball
1-2: Strikes out swinging
Batting: RHB Juan Jose Ayala 0-0: SINGLE (Line Drive, 89S)
Sergio Muńóz to second
Batting: LHB Herman Hayes 0-0: Ball
1-0: Called Strike
1-1: Fly out, F8 (Line Drive, 8LM)
Top of the 3rd over - 0 run(s), 1 hit(s), 0 error(s), 2 left on base; Panama City 0 - Wizarding 0
BOTTOM OF THE 3RD
Wizarding Express batting - Pitching for Panama City Piranhas : LHP Kirby Buckner
Batting: RHB Roy Herring 0-0: SINGLE (Line Drive, 9LS)
Batting: RHB Steve Dunn 0-0: Grounds into double play, 5-4-3 (Groundball, 56)
Batting: RHB Ed Whitaker 0-0: Ball
1-0: Fly out, F6 (Line Drive, 6D)
Bottom of the 3rd over - 0 run(s), 1 hit(s), 0 error(s), 0 left on base; Panama City 0 - Wizarding 0
TOP OF THE 4TH
Panama City Piranhas batting - Pitching for Wizarding Express : LHP Javier Roldán
Batting: SHB Tsing Guao 0-0: Called Strike
0-1: Ball
1-1: Foul Ball, location: 2F
1-2: Ball
2-2: Foul Ball, location: 2F
2-2: Foul Ball, location: 2F
2-2: Foul Ball, location: 2F
2-2: Ball
3-2: Fly out, F7 (Flyball, 7S)
Batting: SHB Marc Talamante 0-0: Ball
1-0: Ball
2-0: Called Strike
2-1: Ground out 1-3 (Groundball, 13S)
Batting: LHB Robert Adams 0-0: Called Strike
0-1: Ball
1-1: Ball
2-1: Foul Ball, location: 2F
2-2: Strikes out swinging
Top of the 4th over - 0 run(s), 0 hit(s), 0 error(s), 0 left on base; Panama City 0 - Wizarding 0
BOTTOM OF THE 4TH
Wizarding Express batting - Pitching for Panama City Piranhas : LHP Kirby Buckner
Batting: RHB António Martínez 0-0: Ball
1-0: Ball
2-0: Ball
3-0: Base on Balls
Batting: RHB Chi-ju Zhang 0-0: DOUBLE (Line Drive, 7LM)
António Martínez to third
Batting: RHB Rafael Arredondo 0-0: Ball
1-0: Ball
2-0: Ball
3-0: Foul Ball, location: 2F
3-1: Base on Balls
Batting: LHB Nathan Tanner 0-0: Called Strike
0-1: Swinging Strike
0-2: Grounds into double play, 6-4-3 (Groundball, 6)
António Martínez scores
Chi-ju Zhang to third
Batting: RHB Cole Shaffer 0-0: Called Strike
0-1: Swinging Strike
0-2: Strikes out swinging
Bottom of the 4th over - 1 run(s), 1 hit(s), 0 error(s), 1 left on base; Panama City 0 - Wizarding 1
TOP OF THE 5TH
Panama City Piranhas batting - Pitching for Wizarding Express : LHP Javier Roldán
Batting: RHB Baldomero Avino 0-0: Fly out, F9 (Flyball, 9S)
Batting: LHB Sergio Muńóz 0-0: Called Strike
0-1: Ball
1-1: Ground out 4-3 (Groundball, 4)
Batting: RHB Armando Alvarado 0-0: Ball
1-0: Ball
2-0: Called Strike
2-1: Foul Ball, location: 2F
2-2: Strikes out swinging
Top of the 5th over - 0 run(s), 0 hit(s), 0 error(s), 0 left on base; Panama City 0 - Wizarding 1
BOTTOM OF THE 5TH
Wizarding Express batting - Pitching for Panama City Piranhas : LHP Kirby Buckner
Batting: LHB Kyung-chor Pang 0-0: SINGLE (Groundball, 56D)
Batting: RHB Roy Herring 0-0: Bunted foul
0-1: Reached on error, E3 (Groundball, 3S)
Kyung-chor Pang to third
Batting: RHB Steve Dunn 0-0: Ball
1-0: Called Strike
1-1: SINGLE (Line Drive, 7LS)
Kyung-chor Pang scores
Roy Herring to third
Batting: RHB Ed Whitaker 0-0: Ball
1-0: Ball
2-0: SINGLE (Groundball, 6D)
Roy Herring scores
Steve Dunn to second
Batting: RHB António Martínez 0-0: Swinging Strike
0-1: Called Strike
0-2: Foul Ball, location: 2F
0-2: Ball
1-2: Foul Ball, location: 2F
1-2: Ball
2-2: Ball
3-2: Ground out 4-3 (Groundball, 4MD)
Steve Dunn to third
Ed Whitaker to second
Batting: RHB Chi-ju Zhang 0-0: Foul Ball, location: 2F
0-1: Foul Ball, location: 2F
0-2: Ball
1-2: Ball
2-2: SINGLE (Groundball, 4MD)
Steve Dunn scores
Ed Whitaker to third
Batting: RHB Rafael Arredondo 0-0: Called Strike
0-1: Ball
1-1: Ball
2-1: SINGLE (Line Drive, 56)
Ed Whitaker scores
Chi-ju Zhang to second
Batting: LHB Nathan Tanner 0-0: Ball
1-0: Called Strike
1-1: Foul Ball, location: 2F
1-2: Ball
2-2: Strikes out swinging
Batting: RHB Cole Shaffer 0-0: Ball
1-0: Called Strike
1-1: Fly out, F8 (Flyball, 8RM)
Bottom of the 5th over - 4 run(s), 5 hit(s), 1 error(s), 2 left on base; Panama City 0 - Wizarding 5
TOP OF THE 6TH
Panama City Piranhas batting - Pitching for Wizarding Express : LHP Javier Roldán
Batting: RHB Tim Barnes 0-0: Foul Ball, location: 2F
0-1: Foul Ball, location: 2F
0-2: Foul Ball, location: 2F
0-2: Ball
1-2: Strikes out looking
Batting: RHB Juan Jose Ayala 0-0: Called Strike
0-1: Swinging Strike
0-2: Ball
1-2: Strikes out swinging
Batting: LHB Herman Hayes 0-0: Ball
1-0: Foul Ball, location: 2F
1-1: Swinging Strike
1-2: Strikes out looking
Top of the 6th over - 0 run(s), 0 hit(s), 0 error(s), 0 left on base; Panama City 0 - Wizarding 5
BOTTOM OF THE 6TH
Wizarding Express batting - Pitching for Panama City Piranhas : LHP Kirby Buckner
Batting: LHB Kyung-chor Pang 0-0: Called Strike
0-1: Hit by Pitch
Batting: RHB Roy Herring 0-0: Swinging Strike
0-1: Swinging Strike
0-2: Strikes out looking
Batting: RHB Steve Dunn 0-0: Foul Ball, location: 2F
0-1: Grounds into double play, 5-4-3 (Groundball, 5)
Bottom of the 6th over - 0 run(s), 0 hit(s), 0 error(s), 0 left on base; Panama City 0 - Wizarding 5
TOP OF THE 7TH
Panama City Piranhas batting - Pitching for Wizarding Express : LHP Javier Roldán
Batting: SHB Tsing Guao 0-0: Ball
1-0: Fly out, F6 (Line Drive, 6)
Batting: SHB Marc Talamante 0-0: Called Strike
0-1: Ball
1-1: Foul Ball, location: 2F
1-2: Strikes out swinging
Batting: LHB Robert Adams 0-0: Called Strike
0-1: Ball
1-1: Foul Ball, location: 2F
1-2: Ball
2-2: Strikes out swinging
Top of the 7th over - 0 run(s), 0 hit(s), 0 error(s), 0 left on base; Panama City 0 - Wizarding 5
BOTTOM OF THE 7TH
Wizarding Express batting - Pitching for Panama City Piranhas : LHP Kirby Buckner
Batting: RHB Ed Whitaker 0-0: Called Strike
0-1: Called Strike
0-2: Ball
1-2: Ball
2-2: Strikes out swinging
Batting: RHB António Martínez 0-0: Foul Ball, location: 2F
0-1: Called Strike
0-2: Strikes out swinging
Batting: RHB Chi-ju Zhang 0-0: Foul Ball, location: 2F
0-1: Ball
1-1: Swinging Strike
1-2: Strikes out swinging
Bottom of the 7th over - 0 run(s), 0 hit(s), 0 error(s), 0 left on base; Panama City 0 - Wizarding 5
TOP OF THE 8TH
Panama City Piranhas batting - Pitching for Wizarding Express : LHP Javier Roldán
Batting: RHB Baldomero Avino 0-0: Called Strike
0-1: Ball
1-1: Foul Ball, location: 2F
1-2: Ball
2-2: Ball
3-2: Foul Ball, location: 2F
3-2: Foul Ball, location: 2F
3-2: Fly out, F9 (Flyball, 9LM)
Batting: LHB Sergio Muńóz 0-0: Swinging Strike
0-1: Called Strike
0-2: Strikes out looking
Batting: RHB Armando Alvarado 0-0: Ball
1-0: Foul Ball, location: 2F
1-1: Ball
2-1: SINGLE (Line Drive, 8LS)
Pitching: LHP Dorian Daly
Batting: RHB Tim Barnes 0-0: Ball
1-0: Ball
2-0: Called Strike
2-1: Ball
3-1: Swinging Strike
3-2: Foul Ball, location: 2F
3-2: Strikes out swinging
Top of the 8th over - 0 run(s), 1 hit(s), 0 error(s), 1 left on base; Panama City 0 - Wizarding 5
BOTTOM OF THE 8TH
Wizarding Express batting - Pitching for Panama City Piranhas : LHP Kirby Buckner
Batting: RHB Rafael Arredondo 0-0: Called Strike
0-1: Ball
1-1: Ball
2-1: Foul Ball, location: 2F
2-2: Ground out 5-3 (Groundball, 56S)
Batting: LHB Nathan Tanner 0-0: Ball
1-0: Swinging Strike
1-1: Ball
2-1: Swinging Strike
2-2: Foul Ball, location: 2F
2-2: Strikes out looking
Batting: RHB Cole Shaffer 0-0: Ball
1-0: Ball
2-0: Ball
3-0: Called Strike
3-1: SINGLE (Line Drive, 89S)
Batting: LHB Kyung-chor Pang 0-0: Foul Ball, location: 2F
0-1: Called Strike
0-2: Strikes out swinging
Bottom of the 8th over - 0 run(s), 1 hit(s), 0 error(s), 1 left on base; Panama City 0 - Wizarding 5
TOP OF THE 9TH
Panama City Piranhas batting - Pitching for Wizarding Express : LHP Dorian Daly
Batting: RHB Juan Jose Ayala 0-0: Ball
1-0: Called Strike
1-1: Swinging Strike
1-2: Foul Ball, location: 2F
1-2: Foul Ball, location: 2F
1-2: Strikes out looking
Batting: LHB Herman Hayes 0-0: Called Strike
0-1: Swinging Strike
0-2: Foul Ball, location: 2F
0-2: Ball
1-2: Fly out, F9 (Flyball, 89S)
Batting: SHB Tsing Guao 0-0: Swinging Strike
0-1: Called Strike
0-2: Ball
1-2: Foul Ball, location: 2F
1-2: Ball
2-2: Strikes out looking
Top of the 9th over - 0 run(s), 0 hit(s), 0 error(s), 0 left on base; Panama City 0 - Wizarding 5
Monday, March 20th, 2017 - OOTP Baseball 17.12 Build 75